 Dungeon Crawl Stone Soup version 0.22-a0-617-g6d95e9e505 (webtiles) character file.

119 Oakleaf the Poker (level 5, 0/41 HPs)
             Began as a Merfolk Skald on July 12, 2018.
             Slain by a gnoll (6 damage)
             ... on level 4 of the Dungeon.
             The game lasted 00:15:39 (3201 turns).

Oakleaf the Poker (Merfolk Skald)                   Turns: 3201, Time: 00:15:39

Health: 0/41       AC:  3    Str: 12    XL:     5   Next: 3%
Magic:  8/8        EV: 12    Int: 12    God:
Gold:   132        SH:  0    Dex: 14    Spells: 7/8 levels left

rFire    . . .     SeeInvis .   a - +0 spear
rCold    . . .     Gourm    .   (no shield)
rNeg     . . .     Faith    .   b - +0 leather armour
rPois    .         Spirit   .   (no helmet)
rElec    .         Reflect  .   (no cloak)
rCorr    .         Harm     .   (no gloves)
MR       .....                  (no boots)
Stlth    +.........             (no amulet)
HPRegen  0.13/turn              n - +3 ring of slaying
MPRegen  0.11/turn              (no ring)

@: no status effects
A: change form in water, swift swim, stealthy swim
a: no special abilities


You were on level 4 of the Dungeon.
You were not hungry.

You visited 1 branch of the dungeon, and saw 4 of its levels.

You collected 132 gold pieces.

Inventory:

Hand Weapons
 a - a +0 spear (weapon)
 p - a +2 flail of crushing
Armour
 b - a +0 leather armour (worn)
 h - a +0 ring mail
Jewellery
 n - a +3 ring of slaying (left hand)
Wands
 r - a wand of digging (9)
Scrolls
 c - a scroll of magic mapping {unknown}
 e - a scroll of remove curse {unknown}
 f - a scroll of fog {unknown}
 l - a scroll of immolation {unknown}
 o - a scroll of identify
Potions
 g - a potion of flight {unknown}
 i - a potion of mutation {unknown}
 j - a potion of degeneration {unknown}
 k - 4 potions of curing {unknown}
 q - a potion of might {unknown}
Comestibles
 d - 3 rations


   Skills:
 * Level 3.3 Fighting
 + Level 5.5 Polearms
 - Level 0.6 Armour
 - Level 2.6 Dodging
 - Level 0.1 Stealth
 * Level 2.4 Spellcasting
 * Level 3.6 Charms


You had 7 spell levels left.
You knew the following spells:

 Your Spells              Type           Power        Failure   Level  Hunger
a - Infusion              Chrm           ##..         8%          1    ##.....

Your spell library contained the following spells:

 Spells                   Type           Power        Failure   Level  Hunger
 Regeneration             Chrm/Necr      #.........   43%         3    ####...
 Shroud of Golubria       Chrm/Tloc      #.........   24%         2    ###....
 Song of Slaying          Chrm           ##......     11%         2    ###....
 Spectral Weapon          Hex/Chrm       #.......     43%         3    ####...


Dungeon Overview and Level Annotations

Branches:
Dungeon (4/15)
 Temple: D:4-7

Altars:
Fedhas
Trog


Message History

A gnoll is nearby!
The gnoll shouts!
You hear a shout!
A gnoll comes into view. It is wielding a spear of venom.
An ogre comes into view. It is wielding a giant club.
A giant cockroach comes into view.
You hit the giant cockroach.
The giant cockroach is almost dead.
The giant cockroach bites you.
* * * LOW HITPOINT WARNING * * *
You barely miss the giant cockroach.
The giant cockroach is almost dead.
The giant cockroach closely misses you.
You hit the giant cockroach.
You kill the giant cockroach!
You hear the slow rusting of a distant drain.
Found an escape hatch in the floor.
The gnoll hits you.
* * * LOW HITPOINT WARNING * * *
The gnoll hits you.
You die...

#.......#
##..###.#
#.# #.# #.
#.# #. #.#
#.####.#
..>#.#
#.#.#
###@gO#####
#.........#
#.........#
#.........#
#.........#
###########


You could see an ogre and a gnoll.

Vanquished Creatures
  3 gnolls
  2 adders (D:3)
  A worm (D:3)
  2 dart slugs (D:1)
  A leopard gecko (D:2)
  4 orcs (D:3)
  8 bats
  3 giant cockroaches
  6 goblins
  7 hobgoblins
  4 jackals (D:1)
  A frilled lizard (D:1)
  8 kobolds
  7 rats
57 creatures vanquished.

Notes
Turn   | Place    | Note
-------+----------+-------------------------------------------
     0 | D:1      | Oakleaf the Merfolk Skald began the quest for the Orb.
     0 | D:1      | Reached XP level 1. HP: 16/16 MP: 3/3
   188 | D:1      | Reached XP level 2. HP: 16/23 MP: 1/5
   689 | D:1      | Reached skill level 4 in Polearms
   700 | D:1      | Reached XP level 3. HP: 28/28 MP: 2/6
  1953 | D:2      | Reached XP level 4. HP: 19/35 MP: 0/7
  2224 | D:3      | Reached skill level 5 in Polearms
  3067 | D:3      | Found a bloodstained altar of Trog.
  3078 | D:3      | Found a blossoming altar of Fedhas.
  3143 | D:3      | Reached XP level 5. HP: 10/41 MP: 3/8
  3180 | D:4      | Noticed an ogre
  3201 | D:4      | Slain by a gnoll

Vault maps used:
D:1:      dpeg_arrival_more_subterranean_lakeside_camping
D:2:      first_ration
D:3:      lemuel_crystal_altar, grunt_ministairs_6, fedhas_altar_2
D:4:      gup_sewer_entry_bubbles

Skill      XL: |  1  2  3  4 |
---------------+-------------+-----
Polearms       | 4 5 |  5.5
Fighting       | 3 |  3.3
Armour         | |  0.6
Dodging        | |  2.6
Stealth        | |  0.1
Spellcasting   | |  2.4
Charms         | |  3.6

Action                   |  1- 3 |  4- 6 || total
-------------------------+-------+-------++-------
Melee: Spear             |   152 |    77 ||   229
 Cast: Infusion          |     6 |     3 ||     9
  Use: Scroll            |     1 |     2 ||     3
  Eat: Chunk             |     1 |     3 ||     4
       Ration            |     1 |       ||     1
Armor: Leather armour    |    29 |    13 ||    42
Dodge: Dodged            |    74 |    34 ||   108

Table legend:
 A = Spawn XP
 B = Non-spawn XP
 C = Spawn XP percentage of total XP
 D = Spawn monster count
 E = Non-spawn monster count
 F = Spawn count percentage of total count
 G = Total turns spent on level
                    A         B        C        D         E        F      G
               +---------+---------+-------+---------+---------+-------+---------
         Total |       0 |     170 |   0.0 |       0 |      57 |   0.0 |  3201
               +---------+---------+-------+---------+---------+-------+---------
           D:1 |       0 |      55 |   0.0 |       0 |      32 |   0.0 |  1197
           D:2 |       0 |      38 |   0.0 |       0 |       7 |   0.0 |  1175
           D:3 |       0 |      75 |   0.0 |       0 |      17 |   0.0 |   773
           D:4 |       0 |       2 |   0.0 |       0 |       1 |   0.0 |    56
               +---------+---------+-------+---------+---------+-------+---------
